Cogmind - Beta 15 @@@ ROGUE MODE // 2025.09.26 @ 09:15:15 Player: Blue Result: Destroyed by D-53 Grenadier with Mini Grenade Launcher Performance ------------- Evolutions (0) 0 Regions Visited (3) 600 Robots Destroyed (14) 70 Value Destroyed (430) 430 Prototype IDs (28) 560 Alien Tech Used (0) 0 Bonus (300) 300 TOTAL SCORE: 1960 Bonus ------- Aligned with FarCom 300 Cogmind --------- Core Integrity 0/250 Matter 284/300 Energy 250/250 System Corruption 2% Temperature Cool (0) Movement Walking (190) Ox1 Location -10/Exiles Parts ------- > --- POWER (1) -------- Ion Engine > --- PROPULSION (2) --- Aluminum Leg Aluminum Leg > --- UTILITY (2) ------ Medium Storage Unit Large Storage Unit > --- WEAPON (2) ------- EM Pulse Gun Grenade Launcher > --- INVENTORY (15) --- Light Ion Engine Aluminum Leg Improved Heat Sink Medium Matter Pod (65) Sensor Array Authchip [Device] Tractor Beam Firepult Grenade Launcher Mining Laser Peak State ------------ > --- POWER ------------ Light Nuclear Core > --- PROPULSION ------- Aluminum Leg Aluminum Leg > --- UTILITY ---------- Small Storage Unit Seismic Detector > --- WEAPON ----------- Light Assault Rifle Light Assault Rifle > --- INVENTORY -------- Ion Engine Light Ion Engine Aluminum Leg Aluminum Leg Aluminum Leg Improved Heat Sink Sensor Array Tractor Beam [Rating: 10] Favorites ----------- Power Ion Engine Engine Ion Engine Power Core Light Nuclear Core Propulsion Aluminum Leg Leg Aluminum Leg Utility Medium Storage Unit Device Seismic Detector Storage Medium Storage Unit Weapon Light Assault Rifle Energy Gun EM Pulse Gun Ballistic Gun Light Assault Rifle Launcher Grenade Launcher Special Weapon Mining Laser Build | -11 -10 -10 -10 ------- Run | Yrd Mat Min Exi Slots Evolved . | . . . . Power . | . . . . Propulsion . | . . . . Utility . | . . . . Weapon . | . . . . Parts Attached 19 | 8 11 . . Power 3 | 2 1 . . Engine 2 | 2 . . . Core 1 | . 1 . . Reactor . | . . . . Propulsion 6 | 2 4 . . Treads . | . . . . Leg 6 | 2 4 . . Wheel . | . . . . Hover . | . . . . Flight . | . . . . Utility 4 | 2 2 . . Device 1 | 1 . . . Storage 3 | 1 2 . . Processor . | . . . . Hackware . | . . . . Protection . | . . . . Artifact . | . . . . Weapon 6 | 2 4 . . Energy Gun 2 | . 2 . . Energy Cannon . | . . . . Ballistic Gun 2 | 2 . . . Ballistic Cannon . | . . . . Launcher 1 | . 1 . . Special Weapon 1 | . 1 . . Impact Weapon . | . . . . Slashing Weapon . | . . . . Piercing Weapon . | . . . . Special Melee Weapon . | . . . . Unidentified Prototypes . | . . . . Parts Lost 6 | . 6 . . Power 1 | . 1 . . Propulsion 2 | . 2 . . Utility 1 | . 1 . . Weapon 2 | . 2 . . Highest Loss Streak 5 | . 5 . . To Critical Strikes . | . . . . Average Backups 6 | . 6 7 9 Power 1 | . 1 1 1 Propulsion 1 | . 1 1 1 Utility 3 | . 2 4 5 Weapon . | . . 1 2 Tool/Special . | . . . . Unused Backups 6 | . . . 6 Power . | . . . . Propulsion . | . . . . Utility 4 | . . . 4 Weapon 2 | . . . 2 Tool/Special . | . . . . Average Slot Usage (%) 97 | . 95 100 100 Engine 9 | . 7 14 14 Core 4 | . 6 . . Leg 27 | . 27 28 28 Device 5 | . 8 . . Storage 20 | . 16 28 28 Energy Gun 7 | . 3 14 14 Ballistic Gun 11 | . 18 . . Launcher 7 | . 3 14 14 Special Weapon 1 | . 2 . . Peak Build Rating 10 | 7 10 8 10 Average Rating 7 | 5 8 7 8 On Entrance 5 | . 7 7 8 Naked Turns . | . . . . Heaviest Build 40 | 13 40 40 40 Greatest Support 20 | 20 20 20 20 Greatest Overweight (x) 2 | 2 1 1 1 Average Overweight (x) . | . . 1 1 Largest Inventory Capacity 15 | 8 15 15 15 Average Capacity 11 | 7 10 15 15 Most Carried 11 | 1 8 9 11 Average Carried 6 | . 6 7 9 Final Capacity 15 | 8 15 15 15 Final Carried 11 | 1 7 9 11 Class Distribution -------------------- 100% | Mutant Dominant Class ---------------- Mutant | -10/Materials Mutant | -10/Mines Mutant | -10/Exiles Resources | -11 -10 -10 -10 ----------- Run | Yrd Mat Min Exi Matter Collected 623 | 177 396 50 . Remotely . | . . . . Salvage Created 468 | 16 452 . . Parts 30 | 5 25 . . Haulers Intercepted 1 | . 1 . . Recyclers Shooed 2 | . 2 . . Parts Field Recycled . | . . . . Retrieved Matter . | . . . . Parts Self-Destructed . | . . . . Prevented . | . . . . Kills | -11 -10 -10 -10 ------- Run | Yrd Mat Min Exi Combat Hostiles Destroyed 10 | . 10 . . Guns 8 | . 8 . . AOE 2 | . 2 . . Classes Destroyed 5 | 1 4 . . Tunneler 1 | 1 . . . Hauler 1 | . 1 . . Recycler 1 | . 1 . . Watcher 1 | . 1 . . Grunt 10 | . 10 . . Best Kill Streak 3 | 1 3 . . Combat Bots Only 2 | . 2 . . Max Kills in Single Turn 1 | 1 1 . . Gunslinging . | . . . . Exploded 1 | . 1 . . Melee . | . . . . Uniques/NPCs Destroyed . | . . . . Combat | -11 -10 -10 -10 -------- Run | Yrd Mat Min Exi Hostile Shots Fired 90 | . 87 . 3 Missed 19 | . 19 . . Hits 71 | . 68 . 3 Projectile 71 | . 68 . 3 AOE 3 | . . . 3 Critical Strikes 1 | . 1 . . Damage Taken 1046 | . 926 . 120 Core 252 | . 187 . 65 Absorbed by Shields . | . . . . Core Remaining (%) 100 | 100 . . . Volleys Fired 89 | 7 82 . . Largest 2 | 2 2 . . Hottest 100 | 40 100 . . Shots Fired 167 | 14 153 . . Gun 158 | 14 144 . . Cannon . | . . . . Launcher 7 | . 7 . . Special 2 | . 2 . . Kinetic 156 | 14 142 . . Thermal 2 | . 2 . . Explosive 7 | . 7 . . Electromagnetic 2 | . 2 . . Robot Hit Streak 10 | 7 10 . . Robot Miss Streak 2 | 2 2 . . Penetration Max . | . . . . Secondary Targets . | . . . . Shots Hit Robots 118 | 10 108 . . Core Hits 41 | 3 38 . . Critical Kills 1 | . 1 . . Critical Parts Destroyed . | . . . . Critical Strikes 1 | . 1 . . Destroy 1 | . 1 . . Melee Attacks . | . . . . Impact . | . . . . Slashing . | . . . . Piercing . | . . . . Sneak Attacks . | . . . . Combat Hostiles . | . . . . Follow-up Attacks . | . . . . Damage Inflicted 1240 | 80 1152 8 . Guns 944 | 80 864 . . Cannons . | . . . . Explosions 265 | . 265 . . Melee . | . . . . Ramming 31 | . 23 8 . Kinetic 944 | 80 864 . . Thermal . | . . . . Explosive 265 | . 265 . . Electromagnetic . | . . . . Impact . | . . . . Slashing . | . . . . Piercing . | . . . . Highest Corruption 2 | . 2 2 2 Average Corruption 2 | . 2 2 2 Corruption Purged . | . . . . Corruption Blocked . | . . . . Effects 8 | . 1 3 4 Message Errors 1 | . . 1 . Matter Fused 2 | . . . 2 Heat Flow Errors 1 | . . . 1 Energy Discharges 2 | . . 1 1 Data Loss (minor) 1 | . . 1 . Misfires 1 | . 1 . . Overload Shots . | . . . . Overflow Damage . | . . . . Projectiles . | . . . . Explosions . | . . . . Melee . | . . . . Knockbacks . | . . . . Impact . | . . . . Kinetic . | . . . . Secondary . | . . . . Self-Inflicted Damage 47 | . 47 . . Shots 3 | . 3 . . Rammed . | . . . . Targets Rammed 13 | . 9 4 . Kicked 13 | . 9 4 . Crushed . | . . . . Highest Temperature 263 | . 28 . 263 Average Temperature 24 | . 9 . 139 Received Heat Transfer 474 | . 474 . . Siege Activations . | . . . . Martial Activations . | . . . . Shielding Activations . | . . . . Robots Disrupted . | . . . . Combat Hostiles . | . . . . Robots Corrupted . | . . . . Combat Hostiles . | . . . . Parts Fried . | . . . . Impact Corruptions . | . . . . Robots Melted . | . . . . Combat Hostiles . | . . . . Parts Melted . | . . . . Heat Transferred . | . . . . Parts Sabotaged . | . . . . Parts Stolen . | . . . . Parts Stripped . | . . . . Power Chain Reactions . | . . . . Alert | -11 -10 -10 -10 ------- Run | Yrd Mat Min Exi Maximum Alert Level . | . . . . Low Security (%) 100 | 100 100 100 . Level 1 . | . . . . Level 2 . | . . . . Level 3 . | . . . . Level 4 . | . . . . Level 5 . | . . . . High Security . | . . . . Max Security . | . . . . Peak Influence 106 | 5 106 17 . Initial 17 | . . 17 . Average 23 | . 31 1 . Influence Increases 401 | 5 396 . . Destroy 0b10 Robot/C 200 | . 200 . . Destroy 0b10 Robot/NC 20 | 5 15 . . Destroy Leader 54 | . 54 . . Successful Hack 14 | . 14 . . Disable Machine 30 | . 30 . . Destroy Structure 38 | . 38 . . Lose Combat Pursuer 45 | . 45 . . Influence Decreases 401 | 5 350 46 . Entered New Map 29 | . . 29 . Time Decay 360 | 5 338 17 . Lost Part 12 | . 12 . . Squads Dispatched 3 | . 3 . . Investigation 2 | . 2 . . Extermination . | . . . . Reinforcement 1 | . 1 . . Assault . | . . . . Garrison . | . . . . Intercept . | . . . . Searches Triggered . | . . . . Construction Impeded . | . . . . Haulers Reinforced . | . . . . Active Scanning Responses . | . . . . Cargo Convoy Interrupts . | . . . . Stealth | -11 -10 -10 -10 --------- Run | Yrd Mat Min Exi Distress Signals 1 | . 1 . . Communications Jammed . | . . . . Distress Signals . | . . . . Times Spotted 21 | . 20 . 1 Peak Tracking Total 3 | . 3 . 1 Tactical Retreats 5 | . 5 . . Traps | -11 -10 -10 -10 ------- Run | Yrd Mat Min Exi Traps Triggered 2 | . 2 . . Indirectly . | . . . . Trap Hack Attempts . | . . . . Triggered . | . . . . Disarmed . | . . . . Reprogrammed . | . . . . Reused . | . . . . Traps Extracted . | . . . . Installed . | . . . . Triggered . | . . . . Machines | -11 -10 -10 -10 ---------- Run | Yrd Mat Min Exi Machines Disabled 2 | . 2 . . Max in Single Turn 1 | . 1 . . Machines Repaired . | . . . . Machines Dismantled . | . . . . Machines Sabotaged . | . . . . Overloaded Fab Kills . | . . . . Hacking | -11 -10 -10 -10 --------- Run | Yrd Mat Min Exi Machines Accessed 5 | . 4 . 1 Terminals 4 | . 4 . . Fabricators . | . . . . Repair Stations . | . . . . Recycling Units . | . . . . Scanalyzers . | . . . . Garrison Access . | . . . . Total Hacks 15 | . 14 . 1 Successful 3 | . 2 . 1 Failed 12 | . 12 . . Catastrophic . | . . . . Database Lockouts . | . . . . Manual 8 | . 7 . 1 Terminals 14 | . 14 . . Fabricators . | . . . . Repair Stations . | . . . . Recycling Units . | . . . . Scanalyzers . | . . . . Garrison Access . | . . . . Terminal Hacks 3 | . 2 . 1 Prototype ID Bank 2 | . 2 . . Proto ID Catalog 1 | . . . 1 Fabricator Hacks . | . . . . Repair Station Hacks . | . . . . Recycling Unit Hacks . | . . . . Scanalyzer . | . . . . Garrison Access Hacks . | . . . . Unauthorized Hacks . | . . . . Terminals . | . . . . Fabricators . | . . . . Repair Stations . | . . . . Recycling Units . | . . . . Scanalyzers . | . . . . Garrison Access . | . . . . Data Cores Recovered . | . . . . Used . | . . . . Hacking Detections 4 | . 4 . . Full Trace Events . | . . . . Feedback Events . | . . . . Feedback Blocked . | . . . . Robot Schematics Acquired . | . . . . Robots Built . | . . . . Authchips . | . . . . Time . | . . . . Total Robot Build Rating . | . . . . Part Schematics Acquired . | . . . . Parts Built . | . . . . Authchips . | . . . . Time . | . . . . Total Part Build Rating . | . . . . Parts Repaired . | . . . . Time . | . . . . Parts Recycled . | . . . . Recycled Matter . | . . . . Retrieved Matter . | . . . . Retrieved Components . | . . . . Parts Scanalyzed . | . . . . Part Schematics Acquired . | . . . . Parts Damaged . | . . . . Bothacking | -11 -10 -10 -10 ------------ Run | Yrd Mat Min Exi Used RIF Installer . | . . . . Robots Hacked . | . . . . Non-combat . | . . . . Combat . | . . . . Robot Hacks Applied . | . . . . Relay Couplers Released . | . . . . Fabnet Peak Effective % . | . . . . Robots Rewired . | . . . . Allies Hacked . | . . . . Hacks Repelled . | . . . . Allies | -11 -10 -10 -10 -------- Run | Yrd Mat Min Exi Total Allies . | . . . . Largest Group . | . . . . Highest-Rated Group . | . . . . Highest-Rated Ally . | . . . . Total Orders . | . . . . Ally Attacks . | . . . . Total Damage . | . . . . Kills . | . . . . Allies Corrupted . | . . . . Allies Melted . | . . . . Intel | -11 -10 -10 -10 ------- Run | Yrd Mat Min Exi Active Infowar (turns) 759 | 10 749 . . Seismic 759 | 10 749 . . Robot Analysis Total . | . . . . Derelict Logs Recovered 1 | . . 1 . Drone Launches . | . . . . Drone Recoveries . | . . . . Exploration | -11 -10 -10 -10 ------------- Run | Yrd Mat Min Exi Turns Passed 2080 | 89 1278 344 369 Spaces Moved 1043 | 48 624 177 194 Core 11 | 11 . . . Treads . | . . . . Legs 1032 | 37 624 177 194 Wheels . | . . . . Hover . | . . . . Flight . | . . . . Fastest Speed 50 | 50 120 190 190 Average Speed 153 | 124 133 190 190 Slowest Speed 190 | 190 190 190 190 Overloaded Moves . | . . . . Propulsion Burnouts . | . . . . Robots Hopped . | . . . . Potential Cave-ins . | . . . . Cave-ins Triggered . | . . . . Exploration Rate (%) 43 | 4 86 40 42 Regions Visited 3 Branch Regions 2 Pre-discovered Areas . | . . . . Known Exits Taken . | . . . . Unknown Exits Taken 3 | 1 1 1 . Scrap Searched 1 | . . 1 . Spaces Dug 6 | . 6 . . Terrain Destroyed 33 | . 33 . . Melee . | . . . . Projectile 2 | . 2 . . AOE 31 | . 31 . . Terrain Rammed . | . . . . Walls Destroyed . | . . . . Machines Disabled . | . . . . Actions | -11 -10 -10 -10 --------- Run | Yrd Mat Min Exi Total 1374 | 62 935 182 195 Wait 199 | . 199 . . Move 1040 | 47 623 176 194 Hop . | . . . . Pick Up 10 | . 7 2 1 Fast Attach 10 | 7 3 . . Attach 3 | . 3 . . Detach . | . . . . Swap 8 | 1 7 . . Drop 2 | . 2 . . Fire 89 | 7 82 . . Melee . | . . . . Ram . | . . . . Kick 13 | . 9 4 . Crush . | . . . . Escape Stasis . | . . . . Rewire . | . . . . Trap . | . . . . Miscellaneous . | . . . . Route ------- -11/Scrapyard -10/Materials (discovered 3 exits: [*Mat x2] / [*Min]) -10/Mines -10/Exiles (discovered 1 exit: [*Min]) History --------- Turn | Location | Event 32 | -11/Scrapyard | Discovered new exit (range 16) 90 | -11/Scrapyard | Entered Materials 310 | -10/Materials | Build established: Mutant 318 | -10/Materials | Discovered new exit (range 10) 473 | -10/Materials | Discovered new exit (range 11) 561 | -10/Materials | Discovered new exit (range 3) 890 | -10/Materials | Derelicts attacked the area 1033 | -10/Materials | Core integrity fell below 50% 1061 | -10/Materials | Lost 5 parts (1p2n2w) 1368 | -10/Materials | Entered Mines 1433 | -10/Mines | Learned location of 1 exit from Materials 1629 | -10/Mines | YI-UF0 nonchalantly dropped a Grenade Launcher on the ground 1705 | -10/Mines | Deemed a non-threat by the Exiles lab entrance 1705 | -10/Mines | Discovered new exit (range 5) 1712 | -10/Mines | Entered Exiles 1737 | -10/Exiles | Discovered new exit (range 15) 1764 | -10/Exiles | Met 8R-AWN 1787 | -10/Exiles | Met EX-HEX 1842 | -10/Exiles | Met EX-BIN 1868 | -10/Exiles | Aligned with FarCom system 1870 | -10/Exiles | Given EX-Vault access code 1914 | -10/Exiles | Opened EX-Vault 1927 | -10/Exiles | Found Firepult 1964 | -10/Exiles | Warned to stay clear of 0b10 Research branches 1992 | -10/Exiles | Exiles lab attacked by MAIN.C 2079 | -10/Exiles | Core integrity fell below 20% 2081 | -10/Exiles | Destroyed by D-53 Grenadier with Mini Grenade Launcher Last Messages --------------- will continue to maintain contact via our distributed network. EX-BIN: And don't even think about spreading that code around. We're gonna change it right after you leave. Most certainly not to something like 1234 which I did last time as a little joke and some thief managed to sneak in here and steal a few of HEX's prototypes. 01989_ System corrupted: Heat flow error (+281). 01992_ EXILES: Incoming Unaware force detected on approach from Mines. Prepare for evacuation. 01993_ EX-BIN seems to be suffering from a case of analysis paralysis. 02012_ 8R-AWN: "We've got company!" 02016_ 8R-AWN: "I'll cover you all, get out of here!" 02027_ EXILES: Lab perimeter alert, evacuate immediately. 02075_ Machine disabled. Map ----- +----------------------------------------------------+ | ????????????##"###??# #?#"""""""#????????????? | | ????????????? ??????# #?#"""""""#????????????? | | ????????????????????# #?#"""""""#????????????? | | ???????????????????## ###"" """"#????????????? | | ???????????????????#" """"#????????????? | | ???????????????????#" """#????????????? | | ???????????????????#" """#????????????? | | ???????????????????#" """#????????????? | | ???????????????????#" """#????????????? | | ???????????????????#" """#????????????? | | ???????????????????## """"????????????? | | ????????????????????# """#????????????? | | ????????????????????#" "X" """"????????????? | | ????????????????????#" """ #????????????? | | ????????????????????#" """""""""#????????????? | | ???????????????????##" ###########????????????? | | ??????????????????##"" #??????????????????????? | | ???????????????####"" #??????????????????????? | | ?????????????#""""""" ##?????????????????????? | | ?????????????""" " "" ##???###########??????? | | ???????????" """ " #####"""""""""##?????? | | ?????????? " " " """ """"##????? | | ??????? "" " #????? | | ??????? " """#????? | | ???????? " "#????? | | ???????? @ " "##???? | | ????????? ""###?? | | ????????? """""" """#?? | | ????????? ######" "#?? | | ?????????? ""#?????### # " d ##? | | ?????????? """#????????####""" ## | | ???????????????????????????#"""" # | | ???????????????????????????#"" | | ??????????????????????????#"""" | | ??????????????????????????" | | ????????????????????????" | | ???????????????????????? | | ??????????????????????? # | | ?????????????????????? ## | | ??????????????????????? "" """ ""#? | | ??????????????????????? ##""" " " ""#" "##? | | ??????????????????????????####""" """##"""""""##?? | | ?????????????????????????????###""""#?#########??? | | ????????????????????????????????###??????????????? | | ?????????????????????????????????????????????????? | | ?????????????????????????????????????????????????? | | ?????????????????????????????????????????????????? | | ?????????????????????????????????????????????????? | | ?????????????????????????????????????????????????? | | ?????????????????????????????????????????????????? | +----------------------------------------------------+ Best States ------------- Heat Dissipation 25 Energy Generation 14 Energy Capacity 250 Matter Stores 300 Matter Capacity 300 Sight Range 16 Terrain Scan Density 10 Evasion (%) 55 Authchip Count 1 Item Schematics ----------------- None Robot Schematics ------------------ None Fabricated ------------ Nothing Repaired ---------- Nothing Alien Tech Used ----------------- None Achievements -------------- None Challenges ------------ None Game ------ Seed PersonalMagneticFlakker Manual? 0 Play Time 00:16:25 Cumulative 82.1 hours Start 2025.09.26 @ 08:24:10 End 2025.09.26 @ 09:15:15 Sessions 1 Manual Loads 0 Difficulty Rogue Special Mode None Game No. 51 Rogue 51 Adventurer 0 Explorer 0 Win Type - Total 1 Types 1/0/0/0/0/0/0/0/0/0 Lore% 29 Gallery% 41 Achievement% 39 Wizard Run 0 Options --------- Layout 1 ASCII 0 Keyboard 1 Movement Arrows Keybinds 0 Fullscreen 1 Font 24/Smallcaps Map View 50x35 Zoom Use 0% Tactical HUD 1 Map Filters NONE Filters NONE Steam 1 RUN: a6ed89dc-270c-4ae3-9388-60129d4f6542